 Dungeon Crawl Stone Soup version 0.30-a0-743-gbfdf073431 (webtiles) character file.

Game seed: 12349960281938440479

648 Aneyh the Trooper (level 7, -5/45 (47) HPs)
             Began as a Tengu Monk on Feb 8, 2023.
             Slain by an orc
             ... wielding a +1 heavy flail
              (13 damage)
             ... on level 5 of the Dungeon.
             The game lasted 00:07:16 (3901 turns).

Aneyh the Trooper (Tengu Monk)                      Turns: 3901, Time: 00:07:16

HP:   -5/45 (47)    AC:  3    Str: 11    XL:     7   Next: 53%
MP:   8/8           EV: 16    Int: 11    God:
Gold: 230           SH:  0    Dex: 18    Spells: 6/6 levels left

rFire   + . .      SeeInvis .    a - +0 spear
rCold   . . .      Faith    .    (no shield)
rNeg    . . .      Spirit   .    q - +0 robe
rPois   +          Reflect  .    (helmet restricted)
rElec   .          Harm     .    w - +0 cloak
rCorr   .          Rampage  .    (no gloves)
Will    .....                    (boots unavailable)
Stlth   ++                       (no amulet)
HPRegen 0.27/turn                d - ring of poison resistance
MPRegen 0.11/turn                o - ring of protection from fire

@: flying quickly and evasively, lightly drained, quick
A: beak, talons 3, nimble flight
a: no special abilities


You were on level 5 of the Dungeon.
You visited 1 branch of the dungeon, and saw 5 of its levels.

You collected 230 gold pieces.

Inventory:

Hand Weapons
 a - a +0 spear (weapon)
 b - a +0 shortbow
 h - a +2 dagger of venom
Armour
 q - a +0 robe (worn)
 w - a +0 cloak (worn)
Jewellery
 d - a ring of poison resistance (left hand)
 o - a ring of protection from fire (right hand)
 r - an amulet of regeneration
 s - a +6 ring of intelligence
 x - a ring of willpower
Wands
 l - a wand of paralysis (11)
 v - a wand of roots (7)
Scrolls
 e - 2 scrolls of enchant armour {unknown}
 f - a scroll of amnesia {unknown}
 g - 2 scrolls of fear {unknown}
 j - 2 scrolls of blinking {unknown}
 k - 3 scrolls of identify {unknown}
 m - a scroll of fog {unknown}
 u - a scroll of teleportation {unknown}
Potions
 i - a potion of might {unknown}
 n - 3 potions of flight {unknown}
 p - 2 potions of mutation {unknown}
 t - 2 potions of attraction {unknown}


   Skills:
 * Level 6.9 Fighting
 - Level 3.2 Polearms
 + Level 5.2 Ranged Weapons
 - Level 3.2 Dodging
 - Level 2.0 Stealth


You had 6 spell levels left.
You didn't know any spells.
Your spell library contained the following spells:

 Spells                   Type           Power      Damage    Failure   Level
 Cigotuvi's Dreadful Rot  Necr/Pois/Air  0%         N/A       47%         2
 Dispel Undead            Necr           0%         3d6       98%         4
 Blade Hands              Tmut           0%         N/A       100%        5
 Irradiate                Conj/Tmut      0%         3d11      100%        5
 Death Channel            Necr           0%         N/A       100%        6
 Dragon Form              Tmut           0%         N/A       100%        7


Dungeon Overview and Level Annotations

Branches:
Dungeon (5/15)
 Temple: D:4-7

Altars:
Nemelex Xobeh
Uskayaw
The Shining One

Shops:
D:1 *   D:3 :


Innate Abilities, Weirdness & Mutations

You have a beak for a mouth.
You have claws for feet.
Your magical nature lets you fly swiftly and evasively.


Message History

The orc shouts!
The orc wizard barely misses you.
You closely miss the orc wizard. You claw the orc wizard.
The orc wizard is heavily wounded.
The orc wizard misses you.
The orc throws a boomerang.
The boomerang hits you.
You barely miss the orc wizard. You claw the orc wizard.
Your peck misses the orc wizard. Your punch misses the orc wizard.
The orc wizard is almost dead.
The orc wizard casts a spell at you.
You are confused.
You hit the orc wizard but do no damage.
You claw the orc wizard, but do no damage.
Your peck misses the orc wizard.
The orc wizard is almost dead.
The orc wizard closely misses you.
The orc throws a boomerang.
The boomerang hits you.
You hit the orc but do no damage. You claw the orc.
The orc is severely wounded.
The orc wizard casts a spell at you. The puff of flame hits you. You resist.
The orc hits you with a +1 heavy flail!
* * * LOW HITPOINT WARNING * * *
You bump into the rock wall.
The orc wizard gestures at you while chanting.
The magic dart hits you.
* * * LOW HITPOINT WARNING * * *
The orc barely misses you.
Found a stone staircase leading up.
The orc barely misses you.
Things that are here:
an adder corpse; a howler monkey corpse The orc hits you with a +0 hand axe of draining.
* * * LOW HITPOINT WARNING * * *
You feel drained.
* * * LOW HITPOINT WARNING * * *
You feel less confused.
The orc wizard casts a spell.
The orc wizard flickers and vanishes!
Deactivating autopickup; reactivate with Ctrl-A.
The orc hits you but does no damage.
You feel drained. The orc hits you with a +1 heavy flail!
You die...

.....##.....#........#
.......#....#.$##....
##.................. .
......##.....†....## ...
......###..........#....
##......................
...........÷†..{..##...
#...##...<†....oo.#
.........†..#...@##
.....###....#.......#
....# #...###.......#
##..###.....#.......#
##...#................
.#..........#...<......
.........#.##...........
..........###...........
##....##.##


You could see 2 orcs.

Vanquished Creatures
  A bullfrog (D:4)
  A necrophage (D:4)
  2 scorpions
  2 howler monkeys (D:5)
  A jelly (D:4)
  4 hounds
  An iguana (D:5)
  8 adders
  4 worms
  5 dart slugs
  6 orcs
  4 endoplasms
  6 hobgoblins
  4 jackals
  6 kobolds
  2 quokkas
  6 ball pythons
  3 bats
  A frilled lizard (D:3)
  6 goblins
  2 rats
75 creatures vanquished.

Notes
Turn   | Place    | Note
-------+----------+-------------------------------------------
     0 | D:1      | Aneyh the Tengu Monk began the quest for the Orb.
     0 | D:1      | Reached XP level 1. HP: 14/14 MP: 2/2
   219 | D:1      | Reached XP level 2. HP: 19/19 MP: 3/3
   716 | D:1      | Found Zoihut's General Store.
   995 | D:2      | Reached skill level 4 in Fighting
  1089 | D:2      | Reached XP level 3. HP: 24/24 MP: 4/4
  1471 | D:2      | Reached XP level 4. HP: 21/30 MP: 5/5
  2001 | D:3      | Identified the +9 mace of Integrity {spect, Dex+3}
  2031 | D:3      | Found a hide-covered altar of Uskayaw.
  2063 | D:3      | Noticed a scorpion
  2069 | D:3      | Killed a scorpion
  2070 | D:3      | Reached skill level 5 in Fighting
  2070 | D:3      | Reached skill level 1 in Ranged Weapons
  2070 | D:3      | Gained mutation: Your magical nature lets you fly swiftly
                  | and evasively. [Tengu growth]
  2070 | D:3      | Reached XP level 5. HP: 27/35 MP: 6/6
  2233 | D:3      | Found Wabysmak's Book Emporium.
  2624 | D:4      | Reached XP level 6. HP: 41/41 MP: 7/7
  2672 | D:4      | Found a sparkling altar of Nemelex Xobeh.
  2686 | D:4      | Reached skill level 6 in Fighting
  3355 | D:5      | Entered Level 5 of the Dungeon
  3400 | D:5      | Found a glowing golden altar of the Shining One.
  3611 | D:5      | Reached XP level 7. HP: 11/47 MP: 8/8
  3707 | D:4      | HP: 2/47 [hound (3)]
  3769 | D:5      | Reached skill level 5 in Ranged Weapons
  3901 | D:5      | Slain by an orc

Illustrated notes

Levels and vault maps discovered:
D:1:      ebering_hopf_link, layout_loops_corners, serial_shops,
          nicolae_shop_advertising_works [nicolae_subvault_shop_adworks]
D:2:      layout_basic
D:3:      layout_loops_ring, mainiacjoe_overflow_small_starburst, serial_shops,
          nicolae_shop_hallway_plus
D:4:      layout_basic, nemelex_altar_shiori
D:5:      layout_cave_pools, mainiacjoe_overflow_catwalk, amethyst_killhole,
          minmay_bent

Skill      XL: |  1  2  3  4  5  6  7 |
---------------+----------------------+-----
Fighting       | 4 5 6 |  6.9
Ranged Weapons | 1 2 4 5 |  5.2
Polearms       | |  3.2
Dodging        | |  3.2
Stealth        | |  2.0

Action                     |  1- 3 |  4- 6 |  7- 9 || total
---------------------------+-------+-------+-------++-------
  Melee: Spear             |    91 |    68 |    43 ||   202
         Kick              |    17 |    18 |    14 ||    49
         Peck              |    11 |     8 |    11 ||    30
   Fire: Shortbow          |       |    72 |    30 ||   102
    Use: Potion            |       |       |     1 ||     1
   Stab: Sleeping          |    10 |     1 |       ||    11
 Armour: Robe              |     7 |    10 |     6 ||    23
  Dodge: Dodged            |    41 |    58 |    43 ||   142

Table legend: (Time is in decaauts)
 A = Elapsed time spent in this place.
 B = Non-inter-level travel time spent in this place.
 C = Inter-level travel time spent in this place.
 D = Time resting spent in this place.
 E = Time spent auto-exploring this place.
 F = Levels seen in this place.
 G = Mean time per level.
                   A        B        C        D        E       F      G
               +--------+--------+--------+--------+--------+-----+--------+
         Total |   3779 |   3588 |    191 |    224 |   2689 |   5 |  755.8 |
       Dungeon |   3779 |   3588 |    191 |    224 |   2689 |   5 |  755.8 |
               +--------+--------+--------+--------+--------+-----+--------+

Top non-repeatable levels by time:
     D:4: 989 daAuts
     D:1: 953 daAuts
     D:2: 827 daAuts
     D:3: 649 daAuts
     D:5: 359 daAuts
